 Dungeon Crawl Stone Soup version 0.32-a0-711-g016ad743e0 (webtiles) character file.

Game seed: 13737862693836028169

6 PriceMaster the Grave Robber (level 1, 0/13 HPs)
             Began as a Demonspawn Necromancer on Mar 15, 2024.
             Slain by a gnoll
             ... wielding a +0 whip
              (7 damage)
             ... on level 1 of the Dungeon.
             The game lasted 00:00:43 (112 turns).

PriceMaster the Grave Robber (DsNe)                  Turns: 112, Time: 00:00:43

Health: 0/13       AC:  2    Str:  8    XL:     1   Next: 75%
Magic:  0/3        EV: 11    Int: 15    God:
Gold:   0          SH:  0    Dex: 13    Spells: 3/4 levels left

rFire   . . .        (no weapon)
rCold   . . .        (no shield)
rNeg    . . .        a - +0 robe
rPois   .            (no helmet)
rElec   .            (no cloak)
rCorr   .            (no gloves)
SInv    .            (no boots)
Will    .....        (no amulet)
Stlth   ++           (no ring)
HPRegen 0.22/turn    (no ring)
MPRegen 0.08/turn

%: no passive effects
@: no status effects
A: no striking features
a: no special abilities


You were on level 1 of the Dungeon.
You visited 1 branch of the dungeon, and saw 1 of its levels.

Inventory:

Armour
 a - a +0 robe (worn)
Jewellery
 d - an amulet of magic regeneration


   Skills:
 + Level 1.8 Dodging
 + Level 1.9 Stealth
 + Level 2.0 Spellcasting
 + Level 4.6 Necromancy


You had 3 spell levels left.
You knew the following spells:

 Your Spells              Type           Power      Damage    Failure   Level
a - Necrotise             Necr           60%        1d7       3%          1

Your spell library contained the following spells:

 Spells                   Type           Power      Damage    Failure   Level
 Vampiric Draining        Necr           15%        2d7       10%         3
 Animate Dead             Necr           15%        N/A       32%         4
 Curse of Agony           Necr           15%        N/A       65%         5


Dungeon Overview and Level Annotations

Branches:
Dungeon (1/15)

Altars:


Message History

t - Shout!
Orders for allies: a - Attack new target. r - Retreat! s - Stop attacking. g - Guard the area. f - Follow me.
Anything else - Cancel.
Gang up on whom?
Press: ? - help, Dir - move target, f - gnoll
Aim: a gnoll, wielding a +0 whip (ally target) Attack!
Your goblin skeleton misses the gnoll.
Casting: Necrotise (safe; 3% risk of failure)
Confirm with . or Enter, or press ? or * to list all spells.
Aiming: Necrotise (safe; 3% risk of failure)
Press: ? - help, Shift-Dir - straight line, f/p - gnoll
Aim: a gnoll, wielding a +0 whip (ally target, chance to affect: 79%)
The gnoll writhes in agony.
Your goblin skeleton hits the gnoll but does no damage. x2
Unknown command.
The gnoll hits your goblin skeleton with a +0 whip.
Your goblin skeleton is destroyed!
Your goblin skeleton hits the gnoll.
The gnoll shouts!
The hobgoblin hits your hobgoblin skeleton.
Your goblin skeleton hits the hobgoblin.
Your goblin skeleton hits the hobgoblin.
The hobgoblin hits your goblin skeleton.
Your goblin skeleton closely misses the hobgoblin.
Casting: Necrotise (safe; 3% risk of failure)
Confirm with . or Enter, or press ? or * to list all spells.
Aiming: Necrotise (safe; 3% risk of failure)
Press: ? - help, Shift-Dir - straight line, f/p - gnoll
Aim: a gnoll, wielding a +0 whip (lightly wounded, ally target, chance to affect: 79%)
The gnoll writhes in agony.
The gnoll hits you with a +0 whip.
The hobgoblin barely misses your hobgoblin skeleton.
Unknown command.
You aren't carrying any potions.
As you read the scroll labelled JIYCER UFEODGH, it crumbles to dust.
You hear a loud clanging noise!
It was a scroll of noise.
The gnoll hits you with a +0 whip!
Ouch! That really hurt!
You die...

#.#### #....# #######
#....# #.....##########
#....## #.....#........#
#...ß.# #.....#........#
##....<#
#.....#........###....ß.#
#.....#........##....[.##
.#....Z#..rg.Zg@##......#
........)Z.......##......#
##.....)##.########...####
........##.# ###...##
#.....#..#.######....%.#
......#................#
#.....#>.#.##....##....#
#...>......#..#####....#
......#...#.## #....#


You could see a gnoll (ally target), a hobgoblin, a rat, a friendly goblin
skeleton and a friendly hobgoblin skeleton.

Vanquished Creatures
  2 goblins (D:1)
  A hobgoblin (D:1)
  A frilled lizard (D:1)
  A kobold (D:1)
5 creatures vanquished.

Vanquished Creatures (collateral kills)
  A kobold (D:1)
1 creature vanquished.

Grand Total: 6 creatures vanquished

Notes
Turn   | Place    | Note
-------+----------+-------------------------------------------
     0 | D:1      | PriceMaster the Demonspawn Necromancer began the quest for
                  | the Orb.
     0 | D:1      | Reached XP level 1. HP: 13/13 MP: 3/3
   112 | D:1      | Slain by a gnoll

Illustrated notes

Levels and vault maps discovered:
D:1:      mrwooster_arrival_statue, layout_rooms, minmay_misc_feat_encased

Action                     || total
---------------------------++-------
   Cast: Necrotise         ||    11
    Use: Scroll            ||     1
         Potion            ||     1
 Armour: Robe              ||     7
  Dodge: Dodged            ||     3

Table legend: (Time is in decaauts)
 A = Elapsed time spent in this place.
 B = Non-inter-level travel time spent in this place.
 C = Inter-level travel time spent in this place.
 D = Time resting spent in this place.
 E = Time spent auto-exploring this place.
 F = Levels seen in this place.
 G = Mean time per level.
                   A        B        C        D        E       F      G
               +--------+--------+--------+--------+--------+-----+--------+
         Total |    112 |    112 |      0 |      0 |     52 |   1 |  112.0 |
       Dungeon |    112 |    112 |      0 |      0 |     52 |   1 |  112.0 |
               +--------+--------+--------+--------+--------+-----+--------+

Top non-repeatable levels by time:
     D:1: 112 daAuts
